 Dungeon Crawl Stone Soup version 0.20-a0-893-g832831a (webtiles) character file.

55 polly the Covert (level 3, -1/18 HPs)
             Began as a Spriggan Assassin on Mar 16, 2017.
             Killed from afar by Sigmund (11 damage)
             ... with a puff of flame
             ... on level 2 of the Dungeon.
             The game lasted 00:02:07 (1492 turns).

polly the Covert (Spriggan Assassin)                Turns: 1492, Time: 00:02:08

Health: -1/18      AC:  3    Str:  7    XL:     3   Next: 67%
Magic:  4/4        EV: 17    Int: 12    God:
Gold:   31         SH:  0    Dex: 18    Spells: 2/2 levels left

rFire    . . .     SeeInvis +   b - +0 blowgun
rCold    . . .     Gourm    .   c - +0 robe
rNeg     . . .     Faith    .   (shield restricted)
rPois    .         Spirit   .   (helmet restricted)
rElec    .         Reflect  .   d - +0 cloak
rCorr    .         Harm     .   (gloves unavailable)
MR       .....                  (boots unavailable)
Stlth    ++++......             (no amulet)
Regen    0.1/turn               (no ring)
MPRegen  0.1/turn               l - ring of wizardry

@: very quick
A: unfitting armour, see invisible, herbivore 3, speed 3, slow metabolism 2
a: no special abilities


You were on level 2 of the Dungeon.
You were not hungry.

You visited 1 branch of the dungeon, and saw 2 of its levels.

You collected 31 gold pieces.

Inventory:

Hand Weapons
 a - a +2 dagger
 b - a +0 blowgun (weapon)
Missiles
 e - 7 poisoned needles (quivered)
 f - 2 curare-tipped needles
Armour
 c - a +0 robe (worn)
 d - a +0 cloak (worn)
Jewellery
 l - a ring of wizardry (left hand)
Wands
 r - a wand of iceblast (9/15)
Scrolls
 h - 2 scrolls of remove curse {unknown}
 m - 3 scrolls of identify {unknown}
 p - a scroll of immolation {unknown}
 q - a scroll of magic mapping {unknown}
Potions
 i - a potion of mutation {unknown}
 j - a potion of heal wounds {unknown}
 k - a potion of lignification {unknown}
 n - a potion of curing {unknown}
 o - a potion of flight {unknown}
Comestibles
 g - 4 bread rations


   Skills:
 + Level 1.7 Fighting
 + Level 2.2 Short Blades
 - Level 2.0 Throwing
 + Level 1.7 Dodging
 * Level 8.0 Stealth


You had 2 spell levels left.
You didn't know any spells.

Dungeon Overview and Level Annotations

Branches:
Dungeon (2/15)

Altars:

Annotations:
D:2 Sigmund


Innate Abilities, Weirdness & Mutations

You are very small and have problems with some larger weapons.
You are too small for most types of armour.
You have supernaturally acute eyesight. (SInv)
You are a herbivore.
You cover ground extremely quickly.
You need consume almost no food.


Message History

e - 7 poisoned needles (gained 3)
g - 4 bread rations (gained 1)
You see here a frilled lizard corpse.
e - 8 poisoned needles (gained 1) Sigmund the Dreaded comes into view.
He is wielding a scythe.
a - a +2 dagger (weapon)
You start resting.
HP restored.
Sigmund casts a spell at you. The puff of flame hits you!
b - a +0 blowgun (weapon)
Firing (i - inventory. (,) - cycle):
e - 8 poisoned needles (quivered)
Press: ? - help, Shift-Dir - straight line, f - Sigmund
Aim: Sigmund, wielding a scythe and wearing a robe You shoot a poisoned needle.
The poisoned needle hits Sigmund.
Sigmund is poisoned.
Sigmund casts a spell at you. The puff of flame hits you!
Ouch! That really hurt!
You die...

..... ...# ...## ....#
#(..#
#@..##############
#..##......##.....
#..##......##.....
#@.##......##.....
###.#..##>.....##.....
................+......
####.##.##......###+#..
#. #.#.....รท.....#.. #
#.#.########..#..
#.#.#$........)..
#.#.#....###..#..
#.#.#.. #..#..


You could see Sigmund.

Vanquished Creatures
  Ijyb (D:2)
  4 bats
  2 giant cockroaches
  5 hobgoblins (D:1)
  3 jackals (D:1)
  6 kobolds
  7 frilled lizards
28 creatures vanquished.

Notes
Turn   | Place    | Note
-------+----------+-------------------------------------------
     0 | D:1      | polly the Spriggan Assassin began the quest for the Orb.
     0 | D:1      | Reached XP level 1. HP: 10/10 MP: 2/2
    69 | D:1      | Reached skill level 6 in Stealth
   525 | D:1      | Reached XP level 2. HP: 14/14 MP: 3/3
   656 | D:1      | Reached skill level 7 in Stealth
  1158 | D:2      | Noticed Ijyb
  1163 | D:2      | Reached XP level 3. HP: 18/18 MP: 4/4
  1248 | D:2      | Killed Ijyb
  1248 | D:2      | Reached skill level 8 in Stealth
  1308 | D:2      | Noticed Sigmund
  1492 | D:2      | Killed from afar by Sigmund

Vault maps used:
D:1:      dpeg_arrival_boxes_within_box
D:2:      first_bread, minmay_misc_feat_square, uniq_crazy_yiuf_cottage,
          uniq_sigmund, uniq_iyjb

Skill      XL: |  1  2  3 |
---------------+----------+-----
Stealth        | 6 7 8 |  8.0
Fighting       | |  1.7
Short Blades   | |  2.2
Throwing       | |  2.0
Dodging        | |  1.7

Action                   || total
-------------------------++-------
Melee: Dagger            ||   114
 Fire: Blowgun           ||    11
 Stab: Sleeping          ||    14
       Distracted        ||     1
Armor: Robe              ||    21
Dodge: Dodged            ||   142
